 Dungeon Crawl Stone Soup version 0.29-a0-1047-g7c58e119a4 (webtiles) character file.

Game seed: 4869418363276286032

24 ytrimaz the Insei (level 2, 0/31 HPs)
             Began as a Demonspawn Transmuter on Aug 17, 2022.
             Frozen to death by an endoplasm (3 damage)
             ... on level 2 of the Dungeon.
             The game lasted 00:00:47 (1268 turns).

ytrimaz the Insei (Demonspawn Transmuter)           Turns: 1268, Time: 00:00:48

Health: 0/31       AC: 21    Str: 10    XL:     2   Next: 79%
Magic:  4/5        EV:  2    Int: 14    God:
Gold:   7          SH:  0    Dex: 13    Spells: 4/5 levels left

rFire   . . .      SeeInvis .     - Unarmed
rCold   . . .      Faith    .   (no shield)
rNeg    . . .      Spirit   .   (body armour currently unavailable)
rPois   +          Reflect  .   (helmet currently unavailable)
rElec   .          Harm     .   (cloak currently unavailable)
rCorr   .          Rampage  .   (gloves currently unavailable)
Will    .....      NoTele   +   (boots currently unavailable)
Stlth   +.........              (no amulet)
HPRegen 0.10/turn               (no ring)
MPRegen 0.09/turn               (no ring)

@: tree-form
A: stationary, stasis, torment immunity, boosted hp, foul stench 1
a: no special abilities


You were on level 2 of the Dungeon.
You were a tree.
You visited 1 branch of the dungeon, and saw 2 of its levels.

You collected 7 gold pieces.

Inventory:

Armour
 a - a +0 robe (melded)
Scrolls
 e - a scroll of teleportation
Potions
 c - a potion of flight


   Skills:
 + Level 1.0 Fighting
 + Level 2.0 Dodging
 + Level 3.5 Unarmed Combat
 - Level 2.0 Spellcasting
 - Level 1.7 Transmutations


You had 4 spell levels left.
You knew the following spells:

 Your Spells              Type           Power      Damage    Failure   Level
a - Beastly Appendage     Tmut           12%        N/A       12%         1

Your spell library contained the following spells:

 Spells                   Type           Power      Damage    Failure   Level
 Wereblood                Tmut           6%         N/A       17%         2
 Spider Form              Tmut/Pois      3%         N/A       45%         3
 Ice Form                 Ice/Tmut       3%         N/A       86%         4


Dungeon Overview and Level Annotations

Branches:
Dungeon (1/15)

Altars:


Innate Abilities, Weirdness & Mutations

You are a tree.
Your roots penetrate the ground, keeping you stationary.
You cannot be teleported.
You are immune to unholy pain and torment.
Your maximum health is greatly increased.
Your equipment is partially melded.
You may rarely emit foul miasma when damaged in melee.


Message History

You hit the kobold.
You kill the kobold!
Your transformation is almost over.
The frilled lizard bites you.
You emit a cloud of foul miasma!
Unknown command.
You hit the frilled lizard.
You kill the frilled lizard!
A worm comes into view.
Your magical contamination has completely faded away.
Casting: Beastly Appendage (safe; 12% risk of failure)
Confirm with . or Enter, or press ? or * to list all spells.
You don't know that spell.
Unknown command.
You hit the kobold but do no damage. Your kick misses the kobold.
The kobold completely misses you.
You hit the kobold but do no damage. The kobold barely misses you.
You closely miss the kobold. Your kick misses the kobold.
The kobold hits you with a +4 short sword.
The endoplasm freezes you.
You are frozen.
You hit the endoplasm but do no damage. The endoplasm misses you.
The kobold hits you with a +4 short sword.
Unknown command.
You are too injured to fight recklessly!
You miss the kobold. You claw the kobold, but do no damage.
You headbutt the kobold.
The kobold is severely wounded.
The kobold barely misses you. The endoplasm freezes you.
You are frozen.
* * * LOW HITPOINT WARNING * * *
Really quaff the potion of lignification?
Your horns disappear.
Your talons disappear.
You turn into a tree.
Your +0 robe melds into your body.
Your roots penetrate the ground.
The kobold hits you with a +4 short sword.
* * * LOW HITPOINT WARNING * * *
The endoplasm freezes you.
You are frozen.
You die...

#.......###
#####.....#######
###.........#
###.#####..#
#.#### #....#
####.# ##
#.###...##
#.♣.......
#J.K......
...........
.............
..###..w....... .
#..........
#..........
##.........


You could see a worm, an endoplasm and a kobold.

Vanquished Creatures
  A ball python (D:1)
  4 bats (D:1)
  An endoplasm (D:1)
  2 goblins (D:1)
  3 hobgoblins
  2 jackals (D:1)
  7 frilled lizards
  3 kobolds
  A rat (D:1)
24 creatures vanquished.

Notes
Turn   | Place    | Note
-------+----------+-------------------------------------------
     0 | D:1      | ytrimaz the Demonspawn Transmuter began the quest for the
                  | Orb.
     0 | D:1      | Reached XP level 1. HP: 15/15 MP: 3/3
    84 | D:1      | Found a faded altar of an unknown god.
    91 | D:1      | Reached skill level 3 in Unarmed Combat
   403 | D:1      | Gained mutation: You may rarely emit foul miasma when
                  | damaged in melee. [demonic ancestry]
   403 | D:1      | Reached XP level 2. HP: 21/21 MP: 3/5
  1224 | D:1      | You fall into a shaft and drop 1 floor!
  1268 | D:2      | Frozen to death by an endoplasm

Illustrated notes

Levels and vault maps discovered:
D:1:      grunt_arrival_lava_bath, layout_basic, basic_ecumenical_altar,
          minmay_lizard_pond
D:2:      layout_rooms, basic_altar

Skill      XL: |  1  2 |
---------------+-------+-----
Unarmed Combat | 3 |  3.5
Dodging        | 2 |  2.0
Fighting       | |  1.0
Spellcasting   | |  2.0
Transmutations | |  1.7

Action                   || total
-------------------------++-------
Melee: Unarmed           ||    67
       Kick              ||     9
       Headbutt          ||     3
       Punch             ||     1
 Cast: Beastly Appendage ||    14
  Use: Scroll            ||     2
       Potion            ||     1
 Stab: Sleeping          ||     1
Armor: Robe              ||    12
Dodge: Dodged            ||    42

Table legend: (Time is in decaauts)
 A = Elapsed time spent in this place.
 B = Non-inter-level travel time spent in this place.
 C = Inter-level travel time spent in this place.
 D = Time resting spent in this place.
 E = Time spent auto-exploring this place.
 F = Levels seen in this place.
 G = Mean time per level.
                   A        B        C        D        E       F      G
               +--------+--------+--------+--------+--------+-----+--------+
         Total |   1263 |   1263 |      0 |      0 |   1089 |   2 |  631.5 |
       Dungeon |   1263 |   1263 |      0 |      0 |   1089 |   2 |  631.5 |
               +--------+--------+--------+--------+--------+-----+--------+

Top non-repeatable levels by time:
     D:1: 1220 daAuts
     D:2: 43 daAuts
